 Dungeon Crawl Stone Soup version 0.25.0-15-gac7dcb8919 (webtiles) character file.

Game seed: 18046306629733616065

5011 sking99 the Magician (level 10, 0/74 HPs)
             Began as a Gnoll Venom Mage on June 28, 2020.
             Was a Priest of Vehumet.
             Slain by a vampire (8 damage)
             ... on level 10 of the Dungeon.
             The game lasted 00:36:02 (14205 turns).

sking99 the Magician (Gnoll Venom Mage)            Turns: 14205, Time: 00:36:03

Health: 0/74       AC: 10    Str: 10    XL:     10   Next: 54%
Magic:  10/21      EV: 15    Int: 21    God:    Vehumet [***...]
Gold:   511        SH:  6    Dex: 20    Spells: 4/23 levels left

rFire    . . .     SeeInvis .   v - +2 rapier of Zin's Scorn {vorpal, Dex+4}
rCold    . . .     Gourm    .   r - +0 buckler
rNeg     . . .     Faith    .   g - +0 ring mail
rPois    .         Spirit   .   (no helmet)
rElec    .         Reflect  .   (no cloak)
rCorr    .         Harm     .   u - +2 pair of gloves
MR       .....                  L - +0 pair of boots
Stlth    +++.......             (no amulet)
HPRegen  0.22/turn              (no ring)
MPRegen  0.17/turn              (no ring)

@: no status effects
A: distributed training, fangs 1, strong nose
a: Renounce Religion


You were on level 10 of the Dungeon.
You worshipped Vehumet.
Vehumet was most pleased with you.
You were hungry.

You visited 2 branches of the dungeon, and saw 11 of its levels.
You also visited: Ossuary.

You collected 511 gold pieces.

Inventory:

Hand Weapons
 b - a +4 dagger
 v - the +2 rapier of Zin's Scorn (weapon) {vorpal, Dex+4}
   (You found it on level 6 of the Dungeon)

   It inflicts extra damage upon your enemies.
   It affects your dexterity (+4).
Missiles
 H - 2 throwing nets (quivered)
Armour
 g - a +0 ring mail (worn)
 r - a +0 buckler (worn)
 u - a +2 pair of gloves (worn)
 L - a +0 pair of boots (worn)
Jewellery
 B - a +6 ring of intelligence
Wands
 a - a wand of enslavement (9)
 l - a wand of random effects (23)
 n - a wand of disintegration (6)
 o - a wand of digging (6)
 y - a wand of flame (44)
 C - a wand of clouds (4)
Scrolls
 e - 2 scrolls of enchant weapon
 m - 2 scrolls of teleportation
 t - a scroll of silence {unknown}
 w - a scroll of enchant armour
 x - 5 scrolls of immolation
 z - 5 scrolls of remove curse
 A - 2 scrolls of amnesia
 D - a scroll of fog {unknown}
 F - a scroll of blinking {unknown}
 I - a scroll of identify
 J - a scroll of fear {unknown}
Potions
 d - 2 potions of mutation
 f - 3 potions of flight
 h - a potion of resistance {unknown}
 i - 3 potions of heal wounds {unknown}
 j - a potion of stabbing
 k - 3 potions of haste
 p - 3 potions of cancellation
 q - 2 potions of lignification {unknown}
 s - 5 potions of curing
 E - a potion of invisibility {unknown}
 G - a potion of might {unknown}
Comestibles
 c - 12 rations
 K - 9 chunks of flesh


   Skills:
 + Level 5.3 Fighting
 + Level 5.3 Short Blades
 + Level 5.3 Long Blades
 + Level 5.3 Axes
 + Level 5.3 Maces & Flails
 + Level 5.3 Polearms
 + Level 5.3 Staves
 + Level 5.3 Slings
 + Level 5.3 Bows
 + Level 5.3 Crossbows
 + Level 5.3 Throwing
 + Level 5.3 Armour
 + Level 7.1 Dodging
 + Level 6.8 Stealth
 + Level 5.3 Shields
 + Level 5.3 Unarmed Combat
 + Level 7.3 Spellcasting
 + Level 4.3 Conjurations
 + Level 4.3 Hexes
 + Level 4.3 Charms
 + Level 4.3 Summonings
 + Level 4.3 Necromancy
 + Level 4.3 Translocations
 + Level 4.9 Transmutations
 + Level 4.3 Fire Magic
 + Level 4.3 Ice Magic
 + Level 4.3 Air Magic
 + Level 4.3 Earth Magic
 + Level 7.1 Poison Magic
 + Level 5.8 Invocations
 + Level 5.3 Evocations


You had 4 spell levels left.
You knew the following spells:

 Your Spells              Type           Power        Failure   Level  Hunger
a - Sticky Flame          Conj/Fire      ####....     9%          4    ###....
b - Poisonous Vapours     Pois/Air       ####..       2%          2    None
c - Ignite Poison         Fire/Tmut/Pois ####....     1%          3    None
d - Olgreb's Toxic Radia  Pois           #####...     3%          4    ###....
e - Searing Ray           Conj           ####..       1%          2    None
f - Sting                 Tmut/Pois      ####         1%          1    None
z - Mephitic Cloud        Conj/Pois/Air  ####....     1%          3    None

Your spell library contained the following spells:

 Spells                   Type           Power        Failure   Level  Hunger
 Beastly Appendage        Tmut           ####..       2%          1    None
 Sticks to Snakes         Tmut           ####....     4%          2    None
 Spider Form              Tmut/Pois      ####......   4%          3    None
 Ice Form                 Ice/Tmut       ####....     28%         4    ###....
 Blade Hands              Tmut           ####......   58%         5    #####..


Dungeon Overview and Level Annotations

Branches:
Dungeon (10/15)            Temple (1/1) D:5             Orc (0/2) D:10
Ossuary (visited)
   Lair: D:8-11

Altars:
Ashenzari
Cheibriados
Dithmenos
Elyvilon
Fedhas
Gozag
Hepliaklqana
Kikubaaqudgha
Makhleb
Nemelex Xobeh
Okawaru
Qazlal
Ru
Sif Muna
Trog
Uskayaw
Vehumet
Wu Jian
Xom
Yredelemnul
Zin
The Shining One

Shops:
D:4 [(


Innate Abilities, Weirdness & Mutations

Your experience applies equally to all skills.
You have very sharp teeth.
Your uncanny sense of smell can sniff out nearby items.


Message History

You closely miss something. Something hits you!
* * * LOW HITPOINT WARNING * * *
Something bites you but does no damage.
Casting: Ignite Poison (safe; 1% risk of failure)
Confirm with . or Enter, or press ? or * to list all spells.
You can't see any susceptible monsters within range! (Use Z to cast anyway.)
Casting: Ignite Poison (safe; 1% risk of failure)
Confirm with . or Enter, or press ? or * to list all spells.
Aiming: Sticky Flame (dangerous; 9% risk of failure)
Press: ? - help, Shift-Dir - straight line The sticky flame hits something.
The vampire is covered in liquid flames!
The vampire burns!
The vampire closely misses you. x2
You hit the vampire but do no damage.
The vampire is severely damaged.
The vampire burns!
The vampire hits you!
* * * LOW HITPOINT WARNING * * *
The vampire closely misses you.
You feel better.
The vampire burns!
Something hits you!
You die...

#...... .. ..
#....#.....# #. ##.#
#..........###. #..
#.##.##........##.##
#.##.##..#.##.(.....
#.##.##..#.##.#.....
#.##.##..........)..
#.###.##=##!.#.##.#.....
#.....{@.......##.#.....
####..####..............
#..# #....#.###.#####
#..# #..#.#.# #.>#
#.......#.#.# ####
##.##........
#..........#
.Y........## .. ∆


There were no monsters in sight!

Vanquished Creatures
  Maggie (D:8)
  A merfolk (D:9)
  A wyvern (D:8)
  A hungry ghost (D:9)
  3 water moccasins
  An ice beast (D:7)
  4 orc warriors
  A phantom (D:7)
  4 ogres
  3 sky beasts (D:8)
  A black bear (D:8)
  2 centaurs
  A big kobold (D:9)
  Blork the orc (D:6)
  2 bullfrogs
  3 water moccasin zombies (Ossuary)
  3 scorpions
  3 killer bees (D:4)
  3 wights (D:6)
  2 howler monkeys
  4 electric eels (D:6)
  7 crimson imps
  3 jellies
  8 orc priests
  2 hounds (D:4)
  6 orc wizards
  Ijyb (D:3)
  3 iguanas
  3 worker ants
  A big kobold zombie (Ossuary)
  A hound zombie (D:10)
  2 hound skeletons
  A howler monkey zombie (D:4)
  3 mummies
  2 worker ant zombies
  10 adders
  A howler monkey skeleton (D:9)
  2 shadow imps
  3 oozes
  3 adder zombies (Ossuary)
  An adder skeleton (D:7)
  4 worms
  9 dart slugs
  4 leopard geckos
  47 orcs
  7 giant cockroaches
  2 gnoll zombies (Ossuary)
  11 goblins
  11 hobgoblins
  10 jackals
  7 kobolds
  8 bats
  4 frilled lizards
  5 hobgoblin zombies (Ossuary)
  A jackal skeleton (D:4)
  3 kobold zombies (Ossuary)
  A leopard gecko zombie (D:8)
  7 orc zombies (Ossuary)
  A quokka zombie (D:6)
  6 rats
256 creatures vanquished.

Vanquished Creatures (others)
  A jackal zombie (D:6)
1 creature vanquished.

Grand Total: 257 creatures vanquished

Notes
Turn   | Place    | Note
-------+----------+-------------------------------------------
     0 | D:1      | sking99 the Gnoll Venom Mage began the quest for the Orb.
     0 | D:1      | Reached XP level 1. HP: 13/13 MP: 6/6
   149 | D:1      | Reached XP level 2. HP: 16/20 MP: 1/7
   276 | D:1      | Learned a level 2 spell: Poisonous Vapours
   448 | D:1      | Reached XP level 3. HP: 25/25 MP: 1/9
   538 | D:1      | Reached skill level 5 in Spellcasting
   868 | D:1      | Reached skill level 1 in Invocations
  1023 | D:1      | Learned a level 3 spell: Mephitic Cloud
  1027 | D:1      | Learned a level 3 spell: Ignite Poison
  1209 | D:2      | Found a white marble altar of Elyvilon.
  1323 | D:2      | Reached skill level 1 in Fighting
  1323 | D:2      | Reached skill level 1 in Short Blades
  1323 | D:2      | Reached skill level 1 in Long Blades
  1323 | D:2      | Reached skill level 1 in Axes
  1323 | D:2      | Reached skill level 1 in Maces & Flails
  1323 | D:2      | Reached skill level 1 in Polearms
  1323 | D:2      | Reached skill level 1 in Staves
  1323 | D:2      | Reached skill level 1 in Slings
  1323 | D:2      | Reached skill level 1 in Bows
  1323 | D:2      | Reached skill level 1 in Crossbows
  1323 | D:2      | Reached skill level 1 in Throwing
  1323 | D:2      | Reached skill level 1 in Armour
  1323 | D:2      | Reached skill level 1 in Shields
  1323 | D:2      | Reached skill level 1 in Unarmed Combat
  1323 | D:2      | Reached skill level 1 in Evocations
  1323 | D:2      | Reached XP level 4. HP: 32/32 MP: 1/11
  1797 | D:2      | Reached skill level 1 in Conjurations
  1797 | D:2      | Reached skill level 1 in Hexes
  1797 | D:2      | Reached skill level 1 in Charms
  1797 | D:2      | Reached skill level 1 in Summonings
  1797 | D:2      | Reached skill level 1 in Necromancy
  1797 | D:2      | Reached skill level 1 in Translocations
  1797 | D:2      | Reached skill level 1 in Fire Magic
  1797 | D:2      | Reached skill level 1 in Ice Magic
  1797 | D:2      | Reached skill level 1 in Air Magic
  1797 | D:2      | Reached skill level 1 in Earth Magic
  1863 | D:2      | Learned a level 4 spell: Olgreb's Toxic Radiance
  2335 | D:3      | Reached XP level 5. HP: 37/37 MP: 4/12
  2599 | D:3      | Noticed Ijyb
  2604 | D:3      | Killed Ijyb
  2867 | D:3      | Reached XP level 6. HP: 44/44 MP: 8/13
  3209 | D:3      | Found a sparkling altar of Nemelex Xobeh.
  3781 | D:4      | Reached skill level 5 in Dodging
  3918 | D:4      | Found Qemm's Armour Boutique.
  4475 | D:4      | Found Simizacs's Antique Weapon Shop.
  4643 | D:4      | Reached XP level 7. HP: 43/50 MP: 2/15
  4978 | D:4      | Found an ancient bone altar of Kikubaaqudgha.
  5219 | D:4      | Reached skill level 5 in Stealth
  5660 | D:5      | Entered Level 5 of the Dungeon
  5781 | D:5      | Reached XP level 8. HP: 43/57 MP: 5/16
  6709 | D:5      | Found a staircase to the Ecumenical Temple.
  6714 | Temple   | Entered the Ecumenical Temple
  6953 | Temple   | Became a worshipper of Vehumet
  7235 | D:5      | Found a snail-covered altar of Cheibriados.
  8608 | D:6      | Reached XP level 9. HP: 65/65 MP: 9/18
  8991 | D:6      | Noticed Blork the orc
  9000 | D:6      | Killed Blork the orc
  9009 | D:6      | Reached * piety under Vehumet
  9009 | D:6      | Offered knowledge of Sandblast by Vehumet.
  9137 | D:6      | Found an iron altar of Okawaru.
  9162 | D:6      | Got an ichor-stained rapier
  9163 | D:6      | Identified the +2 rapier of Zin's Scorn {vorpal, Dex+4}
                  | (You found it on level 6 of the Dungeon)
  9634 | D:7      | Found a sand-covered staircase.
  9648 | Ossuary  | Entered an ossuary
  9844 | Ossuary  | Reached ** piety under Vehumet
  9856 | Ossuary  | Offered knowledge of Searing Ray by Vehumet.
  9884 | Ossuary  | Learned a level 2 spell: Searing Ray
 10853 | D:7      | Reached skill level 5 in Invocations
 10854 | D:7      | Offered knowledge of Stone Arrow by Vehumet.
 11660 | D:8      | Reached XP level 10. HP: 54/73 MP: 15/20
 12028 | D:8      | Reached *** piety under Vehumet
 12413 | D:8      | Noticed Maggie
 12419 | D:8      | Killed Maggie
 12419 | D:8      | Reached skill level 5 in Fighting
 12419 | D:8      | Reached skill level 5 in Short Blades
 12419 | D:8      | Reached skill level 5 in Long Blades
 12419 | D:8      | Reached skill level 5 in Axes
 12419 | D:8      | Reached skill level 5 in Maces & Flails
 12419 | D:8      | Reached skill level 5 in Polearms
 12419 | D:8      | Reached skill level 5 in Staves
 12419 | D:8      | Reached skill level 5 in Slings
 12419 | D:8      | Reached skill level 5 in Bows
 12419 | D:8      | Reached skill level 5 in Crossbows
 12419 | D:8      | Reached skill level 5 in Throwing
 12419 | D:8      | Reached skill level 5 in Armour
 12419 | D:8      | Reached skill level 5 in Shields
 12419 | D:8      | Reached skill level 5 in Unarmed Combat
 12419 | D:8      | Reached skill level 5 in Evocations
 12813 | D:9      | Found a hazy altar of Hepliaklqana.
 12820 | D:9      | Found a shattered altar of Ashenzari.
 12921 | D:9      | Found a bloodstained altar of Trog.
 13108 | D:9      | Found an ornate altar of the Wu Jian Council.
 13115 | D:9      | Offered knowledge of Sticky Flame by Vehumet.
 13121 | D:9      | Learned a level 4 spell: Sticky Flame
 14056 | D:10     | Entered Level 10 of the Dungeon
 14163 | D:10     | Found a staircase to the Orcish Mines.
 14204 | D:10     | HP: 2/74 [vampire (9)]
 14205 | D:10     | Slain by a vampire

Illustrated notes

Levels and vault maps discovered:
D:1:      dpeg_arrival_tiny_j, layout_basic, minmay_misc_feat_encased,
          minmay_misc_feat_rows, minmay_pentomino_v4
D:2:      layout_rooms, elyvilon_altar_5, kennysheep_generic_room_6
D:3:      layout_loops_cross, lemuel_crystal_altar, uniq_ijyb
D:4:      layout_loops_ring, lemuel_doored_altar, first_ration, serial_shops,
          shop, nicolae_shop_overgrown_old_shop, minmay_misc_feat_x
D:5:      layout_rooms, kennysheep_mini_moat, minmay_temple_entry_arrows
D:6:      kennysheep_slugbush, layout_basic, okawaru_trees_1, uniq_blork_the_orc
D:7:      layout_loops_ring, gup_ossuary_entry_pyramid
D:8:      layout_basic, moated_statue, uniq_maggie
D:9:      layout_basic, old_standard_altar, minitemple, basic_altar,
          hangedman_fish_farm, eino_curves_03
D:10:     layout_loops_ring, orc_0_dummy
Temple:   dpeg_chambers_temple

Skill      XL: |  1  2  3  4  5  6  7  8  9 10 |
---------------+-------------------------------+-----
Transmutations | 2 3 4 |  4.9
Spellcasting   | 5 6 7 |  7.3
Invocations    | 1 2 3 4 5 |  5.8
Fighting       | 1 2 3 4 5 |  5.3
Short Blades   | 1 2 3 4 5 |  5.3
Long Blades    | 1 2 3 4 5 |  5.3
Axes           | 1 2 3 4 5 |  5.3
Maces & Flails | 1 2 3 4 5 |  5.3
Polearms       | 1 2 3 4 5 |  5.3
Staves         | 1 2 3 4 5 |  5.3
Slings         | 1 2 3 4 5 |  5.3
Bows           | 1 2 3 4 5 |  5.3
Crossbows      | 1 2 3 4 5 |  5.3
Throwing       | 1 2 3 4 5 |  5.3
Armour         | 1 2 3 4 5 |  5.3
Shields        | 1 2 3 4 5 |  5.3
Unarmed Combat | 1 2 3 4 5 |  5.3
Evocations     | 1 2 3 4 5 |  5.3
Conjurations   | 1 2 3 4 |  4.3
Hexes          | 1 2 3 4 |  4.3
Charms         | 1 2 3 4 |  4.3
Summonings     | 1 2 3 4 |  4.3
Necromancy     | 1 2 3 4 |  4.3
Translocations | 1 2 3 4 |  4.3
Fire Magic     | 1 2 3 4 |  4.3
Ice Magic      | 1 2 3 4 |  4.3
Air Magic      | 1 2 3 4 |  4.3
Earth Magic    | 1 2 3 4 |  4.3
Dodging        | 5 6 7 |  7.1
Stealth        | 5 6 |  6.8
Poison Magic   | 6 7 |  7.1

Action                   |  1- 3 |  4- 6 |  7- 9 | 10-12 || total
-------------------------+-------+-------+-------+-------++-------
Melee: Unarmed           |     2 |       |       |       ||     2
       Whip              |     6 |       |       |       ||     6
       Dagger            |     2 |    26 |    77 |       ||   105
       Bite              |       |     3 |    21 |    10 ||    34
       Rapier            |       |       |   119 |    58 ||   177
 Cast: Sting             |    35 |    59 |    31 |       ||   125
       Poisonous Vapours |    18 |    81 |   134 |    49 ||   282
       Mephitic Cloud    |       |     1 |    32 |     5 ||    38
       Ignite Poison     |       |       |    27 |     6 ||    33
       Olgreb's Toxic Ra |       |       |     6 |     9 ||    15
       Searing Ray       |       |       |     3 |     8 ||    11
       Sticky Flame      |       |       |       |     1 ||     1
  Use: Scroll            |       |       |    12 |     1 ||    13
       Potion            |       |       |       |     1 ||     1
 Stab: Sleeping          |       |       |    12 |       ||    12
  Eat: Chunk             |     1 |    10 |    13 |     6 ||    30
       Ration            |       |       |     3 |     1 ||     4
Armor: Robe              |     4 |     6 |    27 |     1 ||    38
       Ring mail         |       |       |       |    21 ||    21
Dodge: Dodged            |     8 |    52 |   180 |    40 ||   280
Block: Buckler           |       |     7 |    57 |    17 ||    81
